Map: Kairos Junction LE

Players

SpaceMarine - Winner!

  • Race: Protoss Protoss
  • League: Diamond
  • Spawn Location: 5:00

SKillous

  • Race: Protoss Protoss
  • Spawn Location: 11:00

Event: 2019 WCS Summer

VOD

Have the link to the VOD?

Description

Time

  • Played on: July 12, 2019, 6:09 a.m.
  • Length: 8:53

All games in this series

Show
View Real Time Build Order
Export as new Build Order

SpaceMarine Protoss - Winner!

Build Orders: Zealot Archon 

Get SALT Encoding   

  12  0:00  Probe  
  13  0:13  Probe  
  14  0:17  Pylon  
  14  0:24  Probe  
  15  0:32  Probe  
  15  0:38  Gateway  
  15  0:40  Probe  
  16  0:46  Assimilator  
  17  0:51  Probe  
  17  0:55  Assimilator  
  18  0:59  Probe  
  19  1:07  Probe  
  19  1:10  Gateway  
  19  1:17  Probe  
  21  1:27  Cybernetics Core  
  21  1:29  Probe  
  22  1:35  Pylon  
  22  1:42  Probe  
  23  2:04  Stalker x2, Warp Gate  
  27  2:25  Robotics Facility  
  27  2:33  Pylon  
  27  2:35  Adept  
  27  2:36  Adept  
  31  2:55  Nexus  
  31  3:04  Gateway  
  31  3:07  Warp Prism  
  33  3:20  Probe  
  34  3:27  Pylon  
  34  3:32  Probe  
  35  3:45  Probe  
  36  3:57  Probe  
  36  3:58  Adept x2  
  36  4:01  Adept  
  43  4:06  Probe  
  43  4:07  Probe  
  44  4:13  Twilight Council  
  44  4:14  Probe  
  44  4:16  Probe  
  45  4:23  Probe  
  47  4:25  Probe  
  49  4:36  Adept x2  
  49  4:37  Adept  
  55  4:40  Probe  
  50  4:45  Immortal  
  54  5:00  Dark Shrine  
  54  5:02  Probe, Resonating Glaives  
  54  5:03  Probe  
  56  5:13  Immortal  
  56  5:14  Probe  
  56  5:16  Pylon  
  58  5:24  Gateway  
  61  5:33  Gateway  
  61  5:35  Adept  
  63  5:39  Adept  
  65  5:42  Sentry  
  67  5:56  Sentry  
  69  6:05  Pylon  
  69  6:07  Immortal, Pylon  
  69  6:14  Dark Templar  
  65  6:18  Dark Templar  
  65  6:22  Adept  
  69  6:25  Adept  
  71  6:38  Probe x2  
  71  6:41  Warp Prism  
  73  6:53  Probe x2  
  71  6:55  Assimilator  
  71  6:56  Assimilator  
  71  7:04  Pylon  
  71  7:05  Probe x2, Pylon  
  73  7:08  Adept x2  
  73  7:09  Adept x3  
  83  7:21  Pylon  
  83  7:28  Gateway  
  83  7:29  Dark Templar  
  85  7:33  Archon  
  85  7:35  Adept x4  
  66  7:56  Adept x4  
  56  8:08  Adept  
  50  8:24  Probe x2  
  52  8:36  Probe  
  52  8:37  Probe  
  54  8:47  Adept x2  
  57  8:50  Stalker  
Show
View Real Time Build Order
Export as new Build Order

SKillous Protoss 

Build Orders:  

Get SALT Encoding   

  12  0:01  Probe  
  13  0:13  Probe  
  14  0:17  Pylon  
  14  0:24  Probe  
  15  0:32  Probe  
  15  0:37  Gateway  
  15  0:40  Probe  
  16  0:46  Assimilator  
  17  0:51  Probe  
  17  0:55  Assimilator  
  18  1:00  Probe  
  19  1:08  Probe  
  19  1:09  Gateway  
  19  1:17  Probe  
  21  1:25  Cybernetics Core  
  21  1:30  Probe  
  22  1:35  Pylon  
  22  1:42  Probe  
  23  1:52  Warp Gate  
  23  1:54  Probe  
  24  2:01  Stalker  
  24  2:02  Sentry  
  28  2:12  Pylon  
  28  2:22  Pylon  
  28  2:29  Sentry  
  30  2:31  Stalker  
  32  2:44  Nexus  
  32  2:49  Probe  
  33  2:55  Sentry  
  35  3:01  Stalker  
  37  3:06  Probe  
  37  3:10  Shield Battery  
  38  3:16  Pylon  
  39  3:24  Robotics Facility  
  38  3:29  Probe  
  39  3:35  Shield Battery  
  39  3:42  Stalker x2  
  39  3:48  Shield Battery  
  43  3:50  Probe  
  44  3:58  Probe  
  45  4:05  Shield Battery, Immortal  
  45  4:06  Shield Battery  
  45  4:20  Sentry  
  51  4:26  Shield Battery  
  51  4:28  Sentry  
  51  4:44  Stalker  
  45  4:47  Warp Prism  
  47  5:03  Probe x2  
  49  5:15  Probe  
  50  5:25  Adept  
  52  5:31  Probe, Adept  
  52  5:34  Probe  
  56  5:44  Probe  
  56  5:45  Probe  
  58  5:51  Sentry  
  58  5:54  Adept  
  62  6:03  Pylon  
  60  6:17  Sentry, Adept  
  62  6:21  Observer  
  62  6:22  Pylon  
  62  6:28  Probe x2  
  65  6:39  Adept  
  67  6:40  Probe, Adept  
  67  6:41  Probe  
  67  6:55  Probe  
  67  6:59  Probe  
  67  7:00  Adept  
  67  7:01  Adept  
  73  7:03  Pylon  
  73  7:07  Probe  
  74  7:11  Probe  
  74  7:12  Pylon  
  75  7:20  Probe  
  76  7:23  Stalker  
  76  7:24  Stalker  
  76  7:28  Probe  
  75  7:49  Stalker x2  
  67  8:00  Gateway  
  67  8:04  Immortal  
  55  8:07  Probe x2  
  55  8:12  Adept x2  
  46  8:18  Probe  
  46  8:19  Probe  
  42  8:21  Stalker  
  41  8:30  Robotics Bay  
  41  8:34  Stalker  
  41  8:37  Probe  
Tags
 
Add a new tag
Caveats
  • Supply blocks, unpowered buildings, or Contaminate may cause inaccurate times.
  • Supply counts are checked every 10 seconds.